 Dungeon Crawl Stone Soup version 0.25.0-10-g039870ee82 (webtiles) character file.

Game seed: 13991411960464081306

124 Lavandula the Bolt Thrower (level 5, -2/44 HPs)
             Began as a Naga Arcane Marksman on June 23, 2020.
             Was an Initiate of Ru.
             Slain by a gnoll
             ... wielding a +0 flail
              (8 damage)
             ... on level 3 of the Dungeon.
             The game lasted 00:07:10 (860 turns).

Lavandula the Bolt Thrower (Naga Arcane Marksman)    Turns: 860, Time: 00:07:10

Health: -2/44      AC:  2    Str: 12    XL:     5   Next: 8%
Magic:  6/6        EV: 10    Int: 14    God:    Ru [......]
Gold:   57         SH:  0    Dex: 12    Spells: 5/6 levels left

rFire    . . .     SeeInvis +   a - +0 hand crossbow
rCold    . . .     Gourm    .   (no shield)
rNeg     . . .     Faith    .   e - +0 robe
rPois    +         Spirit   .   (no helmet)
rElec    .         Reflect  .   (no cloak)
rCorr    .         Harm     .   (no gloves)
MR       .....                  (no barding)
Stlth    +.........             (no amulet)
HPRegen  0.14/turn              (no ring)
MPRegen  0.10/turn              (no ring)

@: very slow
A: large, see invisible, deformed body, poison resistance, slowness 2, slow
metabolism 1, spit poison 1, AC +1
a: Spit Poison, Renounce Religion


You were on level 3 of the Dungeon.
You worshipped Ru.
Ru was noncommittal.
You were hungry.

You visited 1 branch of the dungeon, and saw 3 of its levels.

You collected 57 gold pieces.

Inventory:

Hand Weapons
 a - a +0 hand crossbow (weapon)
 b - a +2 dagger of speed
 j - a +0 dagger of venom
Missiles
 d - a bolt (quivered)
Armour
 e - a +0 robe (worn)
 o - a +0 kite shield
Jewellery
 n - a cursed amulet of inaccuracy {unknown}
Scrolls
 k - 2 scrolls of identify {unknown}
 m - a scroll of teleportation {unknown}
 p - a scroll of magic mapping {unknown}
Potions
 c - a potion of curing {unknown}
 g - a potion of stabbing {unknown}
 h - 2 potions of might {unknown}
 i - a potion of invisibility {unknown}
 l - a potion of ambrosia {unknown}
Comestibles
 f - 2 rations


   Skills:
 - Level 1.0 Fighting
 + Level 2.7 Short Blades
 - Level 3.7 Crossbows
 - Level 1.5 Dodging
 - Level 1.0 Spellcasting
 - Level 3.0 Hexes


You had 5 spell levels left.
You knew the following spells:

 Your Spells              Type           Power        Failure   Level  Hunger
a - Corona                Hex            #......      8%          1    ##.....

Your spell library contained the following spells:

 Spells                   Type           Power        Failure   Level  Hunger
 Slow                     Hex            #.......     12%         2    ###....
 Inner Flame              Hex/Fire       #.......     38%         3    ####...
 Portal Projectile        Hex/Tloc       #.....       38%         3    ####...
 Cause Fear               Hex            #.........   58%         4    #####..
 Leda's Liquefaction      Hex/Erth       #.........   80%         4    #####..


Dungeon Overview and Level Annotations

Branches:
Dungeon (3/15)

Altars:
Kikubaaqudgha
Ru


Innate Abilities, Weirdness & Mutations

You cannot wear boots.
Your serpentine skin is tough. (AC +1)
You have supernaturally acute eyesight. (SInv)
Armour fits poorly on your strangely shaped body.
Your system is resistant to poisons. (rPois)
You cover ground very slowly.
You have a slow metabolism.
You can spit poison.


Message History

You have got your breath back.
The gnoll hits you with a +0 flail.
Firing (i - inventory)
d - 3 bolts (quivered)
Press: ? - help, Shift-Dir - straight line, f/p - gnoll
Aim: a gnoll, wielding a +0 flail You shoot a bolt.
The bolt hits the gnoll!
The gnoll is severely wounded.
The gnoll hits you with a +0 flail.
* * * LOW HITPOINT WARNING * * *
Firing (i - inventory)
d - 2 bolts (quivered)
Press: ? - help, Shift-Dir - straight line, f/p - gnoll
Aim: a gnoll, wielding a +0 flail (severely wounded)
You shoot a bolt. The bolt completely misses the gnoll.
The bolt hits the gnoll!
You kill the gnoll!
You have reached level 5!
The gnoll hits you with a +0 flail.
* * * LOW HITPOINT WARNING * * *
The gnoll hits you with a +0 flail!
You die...

######## #(g@...#
#)####.#
##.####.#####
..gg..g.##.......##
...#.##.##.#.P...[#
# #.#.....###.#
#....P..#.#.#
#.........#.#
#..P.#....#.#


You could see a gnoll.

Vanquished Creatures
  2 gnolls (D:3)
  4 adders
  An ooze (D:2)
  A worm (D:3)
  A dart slug (D:1)
  2 leopard geckos
  3 orcs (D:3)
  A giant cockroach (D:1)
  2 goblins
  A hobgoblin (D:1)
  8 jackals (D:1)
  A quokka (D:2)
  2 ball pythons
  11 bats
  4 frilled lizards
  8 kobolds
  4 rats
56 creatures vanquished.

Notes
Turn   | Place    | Note
-------+----------+-------------------------------------------
     0 | D:1      | Lavandula the Naga Arcane Marksman began the quest for the
                  | Orb.
     0 | D:1      | Reached XP level 1. HP: 18/18 MP: 2/2
    77 | D:1      | Reached XP level 2. HP: 22/25 MP: 3/3
   279 | D:1      | Reached XP level 3. HP: 12/31 MP: 4/4
   472 | D:2      | Found a sacrificial altar of Ru.
   472 | D:2      | Reached XP level 4. HP: 24/38 MP: 5/5
   491 | D:2      | Became a worshipper of Ru the Awakened
   572 | D:3      | Reached skill level 1 in Short Blades
   792 | D:3      | Found an ancient bone altar of Kikubaaqudgha.
   860 | D:3      | Reached XP level 5. HP: 12/44 MP: 6/6
   860 | D:3      | Slain by a gnoll

Illustrated notes

Levels and vault maps discovered:
D:1:      minmay_arrival_shattered_statue, layout_basic
D:2:      layout_basic, overflow_temple_1_default,
          nicolae_ru_great_annihilating_truth, uniq_sigmund
D:3:      layout_loops_cross, riverfiend_overflow_shadow_ancestor,
          kiku_gazebo_garden_becter, first_ration, uniq_jessica

Skill      XL: |  1  2  3  4 |
---------------+-------------+-----
Crossbows      | 2 3 |  3.7
Short Blades   | 2 |  2.7
Fighting       | |  1.0
Dodging        | |  1.5
Spellcasting   | |  1.0
Hexes          | |  3.0

Action                   |  1- 3 |  4- 6 || total
-------------------------+-------+-------++-------
Melee: Dagger            |    20 |    31 ||    51
 Fire: Hand crossbow     |    60 |    25 ||    85
 Abil: Spit Poison       |    16 |     9 ||    25
 Stab: Paralysed         |       |     1 ||     1
       Sleeping          |       |     1 ||     1
Armor: Robe              |    18 |     8 ||    26
Dodge: Dodged            |    32 |    24 ||    56
